 Dungeon Crawl Stone Soup version 0.27.0-1-g7a089689b8 (webtiles) character file.

Game seed: 4864192776274483907

5979 robertstho the Thaumaturge (level 11, -12/76 HPs)
             Began as a Djinni Fire Elementalist on Aug 4, 2021.
             Was an Initiate of Gozag.
             Mangled by a manticore (23 damage)
             ... on level 11 of the Dungeon.
             The game lasted 00:18:39 (11459 turns).

robertstho the Thaumaturge (DjFE)                  Turns: 11459, Time: 00:18:39

Health: -12/76     AC:  6    Str:  5    XL:     11   Next: 10%
Gold:   1212       EV: 13    Int: 20    God:    Gozag SH:  0 Dex: 14

rFire    + + +     SeeInvis +   v - +2 trident (vorpal)
rCold    x . .     Faith    .   (no shield)
rNeg     . . .     Spirit   .   h - +1 robe {rF+}
rPois    ∞         Reflect  .   (no helmet)
rElec    .         Harm     .   d - +2 cloak of the Thief {*Fog Slay-2 SInv Stlth+}
rCorr    .         Rampage  .   (no gloves)
Will     +....                  (boots unavailable)
Stlth    +++.......             (no amulet)
HPRegen  0.22/turn              (no ring)
MPRegen  0.00/turn              (no ring)

@: spiked, flying
A: sickness immunity, fire resistance 2, cold vulnerability 1, float, innate
caster, hp casting, extra vitality 1, mutation resistance 1, weak 1
a: Renounce Religion, Potion Petition, Call Merchant, Bribe Branch


You were on level 11 of the Dungeon.
You worshipped Gozag.
Gozag was most pleased with you.
You visited 2 branches of the dungeon, and saw 11 of its levels.

You collected 1362 gold pieces.
You spent 141 gold pieces at shops.
You paid 9 gold pieces to Gozag.

Inventory:

Hand Weapons
 c - a +1 short sword
 v - a +2 vorpal trident (weapon)
Armour
 d - the +2 cloak of the Thief (worn) {*Fog Slay-2 SInv Stlth+}
   (You acquired it on level 2 of the Dungeon)

   It may release a thick cloud of smoke when the wearer is hurt.
   Slay:      It affects your accuracy & damage with ranged weapons and melee
   (-2).
   SInv:      It lets you see invisible.
   Stlth:     It makes you more stealthy.
 h - a +1 robe of fire resistance (worn)
 p - a +0 kite shield
Jewellery
 s - a ring of protection from fire
 t - a ring of see invisible
Wands
 o - a wand of charming (10)
Scrolls
 e - a scroll of enchant armour
 g - 2 scrolls of blinking
 i - a scroll of silence
 j - a scroll of vulnerability
 n - a scroll of summoning
 q - 2 scrolls of teleportation
 r - a scroll of magic mapping
 u - a scroll of identify
 x - a scroll of immolation {unknown}
Potions
 a - a potion of cancellation
 b - a potion of haste
 f - a potion of attraction {unknown}
 k - a potion of brilliance
 m - a potion of resistance {unknown}
 w - a potion of might {unknown}


   Skills:
 * Level 5.4 Fighting
 + Level 1.5 Short Blades
 + Level 2.9 Dodging
 + Level 3.6 Stealth
 + Level 1.8 Shields
 * Level 11.0 Spellcasting


You had 3 spell levels left.
You knew the following spells:

 Your Spells              Type           Power      Damage    Failure   Level
a - Foxfire               Conj/Fire      100%       2x1d9     1%          1
b - Conjure Flame         Conj/Fire      53%        6-21      1%          3
c - Inner Flame           Hex/Fire       53%        N/A       1%          3
d - Sticky Flame          Conj/Fire      53%        2d7       1%          4
e - Fireball              Conj/Fire      26%        3d12      1%          5
f - Pain                  Necr           100%       1d9       1%          1
g - Poisonous Vapours     Pois/Air       100%       N/A       1%          2
h - Ignite Poison         Fire/Tmut/Pois 53%        N/A       1%          3
i - Tukima's Dance        Hex            53%        N/A       1%          3
j - Petrify               Tmut/Erth      53%        N/A       1%          4
Your spell library was empty.

Dungeon Overview and Level Annotations

Branches:
Dungeon (10/15)            Temple (1/1) D:6            Lair (0/6) D:9
    Orc: D:9-12

Altars:
Ashenzari
Cheibriados
Dithmenos
Elyvilon
Fedhas
Gozag
Hepliaklqana
Kikubaaqudgha
Makhleb
Okawaru
Qazlal
Ru
Sif Muna
Trog
Uskayaw
Vehumet
Wu Jian
Xom
Yredelemnul
The Shining One

Shops:
D:2 *

Portals:
Bailey: D:11

Annotations:
D:7 2 transporters, dtburroughs's ghost, novice MiBe


Innate Abilities, Weirdness & Mutations

You are immune to sickness and miasma.
You are immune to poison.
Your flesh is very heat resistant. (rF++)
You are vulnerable to cold. (rC-)
You float through the air rather than walking.
You learn spells naturally, not from books.
Your magical power is your life essence.
You have superior vitality. (+4 HP)
You are somewhat resistant to further mutation.
You are weak. (Str -2)


Message History

The sticky flame hits the centaur warrior zombie!
The centaur warrior zombie is heavily damaged.
The centaur warrior zombie is covered in liquid flames!
The centaur warrior zombie burns!
The manticore flicks its tail.
The volley of spikes hits you!
The barbed spikes become lodged in your body.
The centaur warrior zombie barely misses you.
The centaur warrior zombie kicks you but does no damage.
Casting: Sticky Flame (mildly dangerous; 1% risk of failure)
Confirm with . or Enter, or press ? or * to list all spells.
Aiming: Poisonous Vapours (safe; 1% risk of failure)
Press: ? - help, Dir - move target, f - manticore, p - centaur warrior zombie
Aim: a manticore (black smoke, moderately wounded) Poisonous vapours surround the manticore!
The manticore is poisoned.
The centaur warrior zombie burns!
The centaur warrior zombie hits you but does no damage.
The centaur warrior zombie kicks you but does no damage.
Casting: Poisonous Vapours (safe; 1% risk of failure)
Confirm with . or Enter, or press ? or * to list all spells.
Aiming: Sticky Flame (mildly dangerous; 1% risk of failure)
Press: ? - help, Shift-Dir - straight line, f/p - manticore
Aim: a manticore (black smoke, moderately wounded, very poisoned, 100% to hit)
The sticky flame hits the manticore.
The manticore is moderately wounded.
The manticore is covered in liquid flames!
The centaur warrior zombie burns!
The manticore burns!
The centaur warrior zombie hits you.
The centaur warrior zombie barely misses you.
The manticore bites you!!
* * * LOW HITPOINT WARNING * * *
The manticore claws you but does no damage. x2
The centaur warrior zombie barely misses you.
The centaur warrior zombie kicks you but does no damage.
It was a potion of mutation.
You feel extremely strange.
You feel weaker.
You feel genetically stable.
The centaur warrior zombie burns!
The manticore burns!
The manticore bites you!!
You die...
Your body crumbles into a pile of gold.

(.. ... . ..$.
.. ..... ...
...######..Z.
####..§§§§.....
#>...§§§H§§.H..
#....§§@Z§.....
#.##.§§§§§.....
#..§........
#......$....
##..........
###..)..###
#.)∩).# ...)..+


You could see a manticore (burning, very poisoned) and a centaur warrior zombie
(burning).

Vanquished Creatures
  A boulder beetle (D:9)
  A two-headed ogre (D:9)
  An oklob plant (D:8)
  An unseen horror (D:8)
  A hornet (D:4)
  Sigmund (D:3)
  A wyvern (D:10)
  A vampire (D:11)
  9 yaks (D:9)
  A water moccasin (D:7)
  2 ice beasts
  4 centaurs
  2 kobold brigands
  A bullfrog (D:8)
  2 scorpions (D:4)
  6 killer bees (D:6)
  2 howler monkeys
  3 wights (D:8)
  A centaur zombie (D:10)
  A bullfrog zombie (D:7)
  5 jellies (D:8)
  A hound (D:6)
  2 bullfrog skeletons (D:7)
  A centaur skeleton (D:4)
  5 orc wizards
  A howler monkey zombie (D:9)
  Robin (D:2)
  4 adders
  A shadow imp (D:7)
  2 adder skeletons (D:4)
  A worm (D:3)
  A dart slug (D:2)
  17 orcs
  7 ball pythons
  21 endoplasms
  5 giant cockroaches
  11 hobgoblins
  8 jackals (D:1)
  16 kobolds
  A quokka (D:4)
  4 bats
  4 frilled lizards
  17 goblins
  3 rats
181 creatures vanquished.

Vanquished Creatures (collateral kills)
  11 foxfires
11 creatures vanquished.

Vanquished Creatures (others)
  2 hounds (D:4)
  A gnoll (D:4)
  A dart slug (D:4)
  2 giant cockroaches (D:4)
  A jackal (D:4)
  2 kobolds (D:4)
  2 demonic plants (D:2)
  544 foxfires
  8 fungi
  18 plants
  A withered plant (D:2)
582 creatures vanquished.

Grand Total: 774 creatures vanquished

Notes
Turn   | Place    | Note
-------+----------+-------------------------------------------
     0 | D:1      | robertstho the Djinni Fire Elementalist began the quest for
                  | the Orb.
     0 | D:1      | Reached XP level 1. HP: 15/15 MP: 0/0
   285 | D:1      | Reached XP level 2. HP: 18/21 MP: 0/0
   503 | D:1      | Reached skill level 3 in Spellcasting
   952 | D:1      | Reached XP level 3. HP: 20/25 MP: 0/0
   952 | D:1      | Learned a level 1 spell: Pain
  1564 | D:1      | You are sucked into a shaft and drop 1 floor!
  1564 | D:2      | Found an opulent altar of Gozag.
  1568 | D:2      | Became a worshipper of Gozag Ym Sagoz the Greedy
  1738 | D:2      | Reached XP level 4. HP: 28/31 MP: 0/0
  1784 | D:2      | Noticed Robin
  1789 | D:2      | Killed Robin
  2036 | D:2      | Reached skill level 1 in Fighting
  2199 | D:2      | Found Ukheit's Assorted Antiques.
  2207 | D:2      | Bought a black potion for 18 gold pieces
  2207 | D:2      | Bought a scroll labelled YDICHU YPINEOGG for 21 gold pieces
  2207 | D:2      | Bought an amethyst potion for 18 gold pieces
  2207 | D:2      | Bought a scroll labelled SIZOMA GAXORPHO for 21 gold pieces
  2207 | D:2      | Bought a scroll labelled YDICHU YPINEOGG for 21 gold pieces
  2207 | D:2      | Bought a scroll labelled MYIMMO IBLA for 21 gold pieces
  2207 | D:2      | Bought a scroll labelled UCAABB PILO for 21 gold pieces
  2232 | D:2      | Identified a scroll of acquirement
  2232 | D:2      | Acquired the +2 cloak of the Thief {*Fog Slay-2 SInv
                  | Stlth+}
  2233 | D:2      | Found the +2 cloak of the Thief {*Fog Slay-2 SInv Stlth+}
  2385 | D:2      | Found a faded altar of an unknown god.
  3307 | D:3      | Reached XP level 5. HP: 32/37 MP: 0/0
  3307 | D:3      | Learned a level 2 spell: Poisonous Vapours
  3394 | D:3      | Noticed Sigmund
  3712 | D:3      | Reached skill level 4 in Spellcasting
  3993 | D:4      | Noticed a hornet
  4624 | D:4      | Reached XP level 6. HP: 17/42 MP: 0/0
  4873 | D:3      | Killed Sigmund
  4874 | D:3      | Reached skill level 1 in Shields
  4874 | D:3      | Reached XP level 7. HP: 48/48 MP: 0/0
  4874 | D:3      | Learned a level 3 spell: Ignite Poison
  5321 | D:4      | Found a shimmering altar of Xom.
  5383 | D:4      | Reached skill level 5 in Spellcasting
  5403 | D:4      | Killed a hornet
  5656 | D:4      | Reached XP level 8. HP: 50/55 MP: 0/0
  5723 | D:4      | Reached skill level 1 in Short Blades
  5723 | D:4      | Reached skill level 6 in Spellcasting
  5984 | D:4      | You are sucked into a shaft and drop 2 floors!
  5984 | D:6      | Found a staircase to the Ecumenical Temple.
  5996 | Temple   | Entered the Ecumenical Temple
  6581 | D:7      | Found a basalt altar of Yredelemnul.
  6617 | D:7      | Reached skill level 7 in Spellcasting
  6914 | D:7      | Reached XP level 9. HP: 55/60 MP: 0/0
  6914 | D:7      | Learned a level 3 spell: Tukima's Dance
  6993 | D:7      | Found a white marble altar of Elyvilon.
  7197 | D:7      | Noticed a moth of wrath
  7202 | D:7      | Found a transporter.
  7202 | D:7      | Noticed dtburroughs's ghost (novice MiBe)
  7336 | D:7      | Found a transporter.
  8026 | D:8      | Reached skill level 8 in Spellcasting
  8354 | D:8      | Noticed an unseen horror
  8361 | D:8      | Killed an unseen horror
  8558 | D:8      | Found a hazy altar of Hepliaklqana.
  8770 | D:8      | Noticed an oklob plant
  9276 | D:8      | Killed an oklob plant
  9277 | D:8      | Reached skill level 9 in Spellcasting
  9277 | D:8      | Reached XP level 10. HP: 7/67 MP: 0/0
 10151 | D:9      | Noticed a boulder beetle
 10164 | D:9      | Reached skill level 10 in Spellcasting
 10496 | D:9      | Killed a boulder beetle
 10497 | D:9      | Reached skill level 5 in Fighting
 10539 | D:9      | Noticed a two-headed ogre
 10541 | D:9      | Found an opulent altar of Gozag.
 10545 | D:9      | Killed a two-headed ogre
 10616 | D:9      | Reached XP level 11. HP: 44/76 MP: 0/0
 10616 | D:9      | Learned a level 4 spell: Petrify
 10912 | D:9      | Found a staircase to the Lair.
 11120 | D:10     | Entered Level 10 of the Dungeon
 11326 | D:10     | Reached skill level 11 in Spellcasting
 11449 | D:10     | You are sucked into a shaft and drop 1 floor!
 11449 | D:11     | Found a flagged portal.
 11450 | D:11     | Noticed a manticore
 11459 | D:11     | Gained mutation: You are weak. (Str -2) [potion of
                  | mutation]
 11459 | D:11     | Gained mutation: You are somewhat resistant to further
                  | mutation. [potion of mutation]
 11459 | D:11     | Mangled by a manticore

Illustrated notes

Levels and vault maps discovered:
D:1:      dpeg_arrival_ternary, layout_basic
D:2:      layout_rooms, basic_altar, shapermc_ecumenical_altar_gd, serial_shops,
          nicolae_shop_waterfront, uniq_robin
D:3:      layout_rooms, serial_forest, infiniplex_forest_lined_2,
          infiniplex_forest_end_2, infiniplex_forest_clump_C,
          infiniplex_forest_lined_3, infiniplex_forest_fountain,
          infiniplex_forest_clump_large, infiniplex_forest_zigzag_1,
          amcnicky_mini_rare_corridor_liquid, uniq_sigmund
D:4:      corexii_shack_village, layout_basic, xom_confusion_cloud,
          minmay_misc_feat_iff
D:6:      layout_rooms, mainiacjoe_overflow_concentric_impassable,
          minmay_temple_entry_grid, minmay_crystal_room
D:7:      layout_loops_corners, nicolae_vehumet_altar_sigil,
          mainiacjoe_overflow_catwalk_spiral, general_overflow_altar,
          gammafunk_ghost_berserking_beasts
D:8:      lemuel_slime, layout_cave_pools, lemuel_tele_altar
D:9:      layout_loops_ring, kennysheep_mini_moat, lair_entry_dummy
D:10:     kennysheep_kobold_lugonu_temple, layout_cave_pods, orc_0_dummy,
          minmay_misc_feat_square, roderic_nine_men_s_morris, minivault_25,
          grunt_ogre_cave
D:11:     layout_basic, enter_bailey_2, uniq_psyche
Temple:   nicolae_temple_figure_eight

Skill      XL: |  1  2  3  4  5  6  7  8  9 10 11 |
---------------+----------------------------------+-----
Spellcasting   | 3 4 5 7 9 10 11 | 11.0
Fighting       | 1 2 3 4 5 |  5.4
Stealth        | 2 3 |  3.6
Shields        | 1 |  1.8
Short Blades   | 1 |  1.5
Dodging        | |  2.9

Action                   |  1- 3 |  4- 6 |  7- 9 | 10-12 || total
-------------------------+-------+-------+-------+-------++-------
Melee: Short sword       |     1 |    44 |    10 |       ||    55
 Cast: Foxfire           |    79 |   128 |   129 |       ||   336
       Poisonous Vapours |       |    17 |     7 |     7 ||    31
       Sticky Flame      |       |       |    12 |     6 ||    18
       Fireball          |       |       |    29 |    36 ||    65
       Conjure Flame     |       |       |     1 |       ||     1
  Use: Scroll            |       |    10 |     4 |       ||    14
       Potion            |       |     6 |     2 |     1 ||     9
Armor: Robe              |     4 |    28 |     9 |     6 ||    47
       Skin              |       |     4 |       |       ||     4
Dodge: Dodged            |     7 |    40 |    15 |     8 ||    70
Block: Kite shield       |       |    13 |       |       ||    13
